 Dungeon Crawl Stone Soup version 0.17-a0-913-g36eb389 (webtiles) character file.

96 oplop the Chiller (level 4, -9/29 HPs)
             Began as an Octopode Ice Elementalist on May 4, 2015.
             Mangled by an ogre
             ... wielding a +0 giant spiked club
              (17 damage)
             ... on level 3 of the Dungeon.
             The game lasted 00:03:59 (2807 turns).

oplop the Chiller (Octopode Ice Elementalist)       Turns: 2807, Time: 00:04:00

Health: -9/29      AC:  1    Str:  7    XL:     4   Next: 67%
Magic:  0/8        EV: 12    Int: 18    God:
Gold:   195        SH:  0    Dex: 12    Spells: 3 memorised, 2 levels left

rFire  . . .     SeeInvis .     l - +0 whip (flame)
rCold  . . .     Clarity  .     (no shield)
rNeg   . . .     SustAb   .     (helmet restricted)
rPois  .         Gourm    .     (no amulet)
rElec  .         Spirit   .     (no ring)
rCorr  .         Warding  .     (no ring)
rMut   .         Stasis   .     (no ring)
MR     .....                    (no ring)
Stlth  +++.......               (no ring)
                                (no ring)
                                (no ring)
                                (no ring)

@: not resistant to hostile enchantments, fairly stealthy
A: almost no armour, amphibious, 8 rings, constrict 8, camouflage 1, gelatinous
body 1
a: no special abilities


You were on level 3 of the Dungeon.
You were hungry.

You visited 1 branch of the dungeon, and saw 3 of its levels.

You collected 195 gold pieces.

Inventory:

Hand weapons
 e - a +0 dagger
 l - a +0 whip of flaming (weapon)
Scrolls
 f - 3 scrolls of fear {unknown}
 g - 4 scrolls of identify {unknown}
 h - 2 scrolls of immolation {unknown}
 j - a scroll of amnesia {unknown}
 k - a scroll of teleportation {unknown}
 n - a scroll of blinking {unknown}
 o - a scroll of recharging {unknown}
 r - a scroll of magic mapping {unknown}
 s - 2 scrolls of remove curse {unknown}
 u - a scroll of enchant weapon {unknown}
Potions
 c - a potion of invisibility {unknown}
 i - a potion of might {unknown}
 m - a potion of beneficial mutation {unknown}
 p - a potion of curing {unknown}
 q - a potion of flight {unknown}
 t - a potion of cancellation {unknown}
Books
 a - a book of Frost

   Spells                             Type                      Level
   a - Freeze                         Ice                          1
   b - Throw Frost                    Conjuration/Ice              2
   c - Ozocubu's Armour               Charms/Ice                   3
   d - Throw Icicle                   Conjuration/Ice              4
   e - Summon Ice Beast               Ice/Summoning                4
   f - Condensation Shield            Ice                          4
Comestibles
 b - 3 bread rations
 d - 3 fruits


   Skills:
 + Level 2.1 Fighting
 - Level 2.0 Dodging
 - Level 2.6 Stealth
 + Level 2.7 Spellcasting
 - Level 1.0 Conjurations
 + Level 4.1 Ice Magic


You had 2 spell levels left.
You knew the following spells:

 Your Spells              Type           Power        Failure   Level  Hunger
a - Freeze                Ice            ###.         3%          1    #......
b - Ozocubu's Armour      Chrm/Ice       #.......     24%         3    ###....
c - Throw Frost           Conj/Ice       ##....       12%         2    ##.....


Dungeon Overview and Level Annotations

Branches:
Dungeon (3/15)

Altars:
Ashenzari
Gozag
Yredelemnul
Zin
The Shining One


Innate Abilities, Weirdness & Mutations

You cannot wear most types of armour.
You are amphibious.
You can wear up to eight rings at the same time.
You can use your tentacles to constrict eight enemies at once.
Your skin changes colour to match your surroundings (Stealth).
Your rubbery body absorbs attacks (AC +1).


Message History

You freeze the ogre.
The ogre is moderately wounded.
You hit the ogre. You burn the ogre.
The ogre is heavily wounded.
The ogre closely misses you.
You hit the ogre. You burn the ogre. You squeeze the ogre, but do no damage.
The ogre is severely wounded.
The ogre hits you with a giant spiked club!!
Ouch! That really hurt!
* * * LOW HITPOINT WARNING * * *
Casting: Freeze
Confirm with . or Enter, or press ? or * to list all spells.
Aiming: Freeze
Press: ? - help, Shift-Dir - straight line, f/p - ogre
Aim: an ogre, wielding a giant spiked club (severely wounded)
You freeze the ogre.
The ogre is severely wounded.
The ogre hits you with a giant spiked club!
Ouch! That really hurt!
You die...

#.# #..... #.# #.....
##.########...# #
##...#.....##.##
#.######..........##.#
#......#...#........#
#........##.....####
##..............#
##..O@.#..########
#......#..# #.##.......#
#######.# ########### #.#
#.........# #.#
#.#.#####.######## #.# ###
### #.### #.........# #.#
##.####.. #'##
##..######.###.####........


You could see an ogre.

Vanquished Creatures
  2 adders (D:2)
  4 worms
  2 giant geckos (D:2)
  2 orcs (D:3)
  2 ball pythons
  3 giant cockroaches
  5 goblins
  5 hobgoblins
  4 jackals (D:1)
  8 kobolds
  2 quokkas (D:3)
  8 bats
  3 giant newts
  9 rats
  A spectral orc (D:3)
60 creatures vanquished.

Notes
Turn   | Place    | Note
--------------------------------------------------------------
     0 | D:1      | oplop, the Octopode Ice Elementalist, began the quest for the Orb.
     0 | D:1      | Reached XP level 1. HP: 11/11 MP: 3/3
   201 | D:1      | Reached XP level 2. HP: 10/18 MP: 5/5
   550 | D:1      | Reached skill level 1 in Fighting
   550 | D:1      | Reached XP level 3. HP: 23/23 MP: 6/6
  1216 | D:2      | Found a glowing golden altar of the Shining One.
  1312 | D:2      | Found an opulent altar of Gozag.
  1393 | D:2      | Reached XP level 4. HP: 21/29 MP: 7/7
  1785 | D:2      | Reached skill level 4 in Ice Magic
  1803 | D:2      | Learned a level 3 spell: Ozocubu's Armour
  1806 | D:2      | Learned a level 2 spell: Throw Frost
  2161 | D:3      | Found a glowing silver altar of Zin.
  2175 | D:3      | Found a shattered altar of Ashenzari.
  2712 | D:3      | Found a basalt altar of Yredelemnul.
  2798 | D:3      | Noticed an ogre
  2807 | D:3      | Mangled by an ogre

Action                   |  1- 3 |  4- 6 || total
-------------------------+-------+-------++-------
Melee: Dagger            |    72 |       ||    72
       Unarmed           |     6 |       ||     6
       Whip              |     2 |    52 ||    54
 Cast: Freeze            |    12 |     9 ||    21
       Throw Frost       |       |     3 ||     3
 Stab: Sleeping          |    10 |     8 ||    18
  Eat: Chunk             |     1 |     3 ||     4
       Beef jerky        |       |     1 ||     1
